 Seeded DCSS version 0.27.1-1-g398f81649c (webtiles) character file.

Game seed: 16833236049872184031 (custom seed)

322 aster the Poker (level 6, -1/48 HPs)
             Began as a Merfolk Abyssal Knight on Sept 12, 2021.
             Was a Believer of Lugonu.
             Slain by a gnoll (2 damage)
             ... on level 4 of the Dungeon.
             The game lasted 00:08:57 (4708 turns).

aster the Poker (Merfolk Abyssal Knight)            Turns: 4708, Time: 00:08:57

Health: -1/48      AC:  3    Str: 14    XL:     6   Next: 47%
Magic:  8/8        EV: 13    Int: 11    God:    Lugonu [**....]
Gold:   1327       SH:  0    Dex: 14    Spells: 5/5 levels left

rFire    . . .     SeeInvis +   e - +2 trident (holy)
rCold    . . .     Faith    .   (no shield)
rNeg     . . .     Spirit   .   b - +0 leather armour
rPois    .         Reflect  .   (no helmet)
rElec    .         Harm     .   (no cloak)
rCorr    .         Rampage  .   (no gloves)
Will     .....                  (no boots)
Stlth    ++........             (no amulet)
HPRegen  0.16/turn              g - ring of see invisible
MPRegen  0.11/turn              (no ring)

@: studying Polearms
A: (nimble swimmer 2), mertail
a: Renounce Religion, Depart the Abyss, Bend Space


You were on level 4 of the Dungeon.
You worshipped Lugonu.
Lugonu was pleased with you.
You visited 1 branch of the dungeon, and saw 5 of its levels.
You visited the Abyss 1 time.

You collected 1327 gold pieces.

Inventory:

Hand Weapons
 a - a +2 vampiric spear
 e - a +2 trident of holy wrath (weapon)
Armour
 b - a +0 leather armour (worn)
Jewellery
 g - a ring of see invisible (left hand)
Scrolls
 c - a scroll of fog {unknown}
 f - a scroll of brand weapon
Potions
 d - a potion of lignification
 h - a potion of might
 i - a potion of haste
 j - 3 potions of heal wounds


   Skills:
 + Level 4.2 Fighting
 * Level 7.8 Polearms
 - Level 1.0 Armour
 + Level 4.1 Dodging
 + Level 2.6 Stealth
 + Level 3.2 Invocations


You had 5 spell levels left.
You didn't know any spells.
Your spell library contained the following spells:

 Spells                   Type           Power      Damage    Failure   Level
 Corona                   Hex            0%         N/A       41%         1
 Shock                    Conj/Air       0%         1d3       41%         1
 Ensorcelled Hibernation  Hex/Ice        0%         N/A       54%         2
 Portal Projectile        Hex/Tloc       0%         N/A       78%         3
 Swiftness                Air            0%         N/A       78%         3
 Tukima's Dance           Hex            0%         N/A       78%         3
 Airstrike                Air            0%         N/A       99%         4
 Blade Hands              Tmut           0%         N/A       100%        5
 Excruciating Wounds      Necr           0%         N/A       100%        5


Dungeon Overview and Level Annotations

Branches:
Dungeon (5/15)
 Temple: D:4-7

Altars:
Cheibriados
Nemelex Xobeh
Yredelemnul


Innate Abilities, Weirdness & Mutations

((You are quick and stealthy near water. (Stealth+, EV+, Speed+++)))
Your lower body shifts to a powerful aquatic tail in water.


Message History

The lemure is almost dead.
You puncture the lemure!
You kill the lemure!
That felt strangely unrewarding.
You start resting.
HP restored.
You climb downwards.
The lemure hits you! The gnoll misses you.
There is a stone staircase leading up here.
You barely miss the gnoll. The gnoll hits you with a +0 whip.
You completely miss the lemure. The lemure closely misses you.
The gnoll hits you with a +0 whip. The lemure hits you.
The gnoll closely misses you.
You climb upwards.
There is a stone staircase leading down here.
You closely miss the lemure. The lemure closely misses you.
The gnoll barely misses you.
You closely miss the lemure. The lemure hits you.
You completely miss the lemure. The gnoll closely misses you.
The lemure hits you.
You hit the lemure.
The lemure convulses.
The lemure is moderately wounded.
The gnoll barely misses you.
You hit the lemure.
The lemure convulses.
The lemure is moderately wounded.
The lemure hits you!
* * * LOW HITPOINT WARNING * * *
The gnoll misses you.
You hit the lemure.
The lemure convulses.
The lemure is heavily wounded.
The lemure hits you.
* * * LOW HITPOINT WARNING * * *
The gnoll closely misses you.
You puncture the lemure!
The lemure convulses.
The lemure is almost dead.
The lemure closely misses you. The gnoll hits you with a +0 whip.
* * * LOW HITPOINT WARNING * * *
You puncture the lemure!
You kill the lemure!
That felt strangely unrewarding.
The gnoll hits you with a +0 whip.
You die...

...#.###...'##'.#._.#.+##'.#.#
...#...#...#..#.#...#.#..###.#
.....#.#...#..#.'...'.#..###.#
.#.#.#.#...'.)'###'###'..'.#.#
.#.#.#.#...#..#.......#..#.#.####
.#.#......<#..#.......#..#......#
.#.#.#.##..###'###'###'#####.####
...#.#.#...#.#..g............#
.#...#.#.#.#.#..@########.####
.#...#.#.#.#.#.#.# #.#
.#####.#.#.#.#.#.########.#
.#.....#.#................#
.#.#####.....#.#.################
.#.###########.#....^.#.........#
...............#<..##.#.###.#####
##.#############...##.#.# #.#
...................##.#.# #.#


You could see a gnoll.

Vanquished Creatures
  2 lemures (D:4)
  A phantom (D:4)
  An orc priest (D:4)
  Jessica (D:3)
  2 hound skeletons (D:4)
  6 adders
  2 gnolls (D:5)
  2 adder skeletons (D:4)
  2 worms
  3 dart slugs (D:2)
  4 orcs
  8 ball pythons
  3 bats
  5 endoplasms
  2 giant cockroaches
  6 goblins
  7 hobgoblins
  7 kobolds
  2 quokkas
  7 frilled lizards
  8 rats
81 creatures vanquished.

Notes
Turn   | Place    | Note
-------+----------+-------------------------------------------
     0 | Abyss:1  | aster the Merfolk Abyssal Knight began the quest for the
                  | Orb.
     0 | Abyss:1  | Reached XP level 1. HP: 18/18 MP: 2/2
    23 | Abyss:1  | Noticed a sixfirhy
    24 | D:1      | Escaped the Abyss
   155 | D:1      | Reached * piety under Lugonu
   159 | D:1      | Reached XP level 2. HP: 20/24 MP: 3/3
   246 | D:1      | Found a faded altar of an unknown god.
   540 | D:1      | Reached skill level 1 in Stealth
   549 | D:1      | Reached XP level 3. HP: 29/29 MP: 4/4
   997 | D:1      | Identified 3 scrolls of acquirement
   997 | D:1      | Acquired a manual of Polearms
  1050 | D:1      | Reached skill level 4 in Polearms
  1050 | D:1      | Reached skill level 1 in Armour
  1097 | D:2      | Found a basalt altar of Yredelemnul.
  1280 | D:2      | Reached skill level 5 in Polearms
  1280 | D:2      | Reached XP level 4. HP: 28/36 MP: 5/5
  1351 | D:2      | Reached ** piety under Lugonu
  2776 | D:3      | Noticed Jessica
  2790 | D:3      | Killed Jessica
  2791 | D:3      | Reached skill level 6 in Polearms
  2791 | D:3      | Reached XP level 5. HP: 38/42 MP: 5/7
  3474 | D:4      | Noticed a phantom
  3495 | D:3      | Acquired 1170 gold pieces
  3497 | D:3      | Acquired a manual of Polearms
  3514 | D:4      | Killed a phantom
  3515 | D:4      | Reached skill level 7 in Polearms
  3528 | D:4      | Reached XP level 6. HP: 15/48 MP: 8/8
  3797 | D:4      | Found a sparkling altar of Nemelex Xobeh.
  4281 | D:4      | Found a snail-covered altar of Cheibriados.
  4448 | D:5      | Entered Level 5 of the Dungeon
  4707 | D:4      | HP: 1/48 [gnoll (6)]
  4708 | D:4      | Slain by a gnoll

Illustrated notes

Levels and vault maps discovered:
D:1:      dpeg_arrival_round_b, layout_basic, shapermc_ecumenical_altar_ellora
D:2:      layout_basic, basic_altar, minmay_small_reverse_x
D:3:      layout_rooms, kennysheep_jessica_study
D:4:      layout_basic, mainiacjoe_overflow_alcove_2,
          mainiacjoe_overflow_24_doors, lightli_corner_chamber
D:5:      layout_loops_ring, grunt_temple_overflow_forces_of_nature,
          uniq_menkaure, uniq_pikel, uniq_edmund, uniq_ijyb

Skill      XL: |  1  2  3  4  5 |
---------------+----------------+-----
Dodging        | 3 4 |  4.1
Stealth        | 1 2 |  2.6
Polearms       | 5 6 7 |  7.8
Armour         | 1 |  1.0
Fighting       | 4 |  4.2
Invocations    | 3 |  3.2

Action                   |  1- 3 |  4- 6 || total
-------------------------+-------+-------++-------
Melee: Spear             |   112 |   156 ||   268
       Trident           |       |    54 ||    54
Invok: Depart the Abyss  |     1 |       ||     1
  Use: Scroll            |     1 |    10 ||    11
 Stab: Sleeping          |     3 |     5 ||     8
       Distracted        |       |     1 ||     1
Armor: Leather armour    |    14 |    31 ||    45
Dodge: Dodged            |    42 |    90 ||   132
